 Dungeon Crawl Stone Soup version 0.32-a0-350-g4f4d228785 (webtiles) character file.

Game seed: 5738766261255146528

56 Asceticacid the Covered (level 3, -4/33 HPs)
             Began as a Mountain Dwarf Fighter on Feb 17, 2024.
             Was a Believer of Elyvilon.
             Slain by Sigmund
             ... wielding a +0 scythe
              (7 damage)
             ... on level 2 of the Dungeon.
             The game lasted 00:02:10 (1078 turns).

Asceticacid the Covered (Mountain Dwarf Fighter)    Turns: 1078, Time: 00:02:11

Health: -4/33      AC:  7    Str: 18    XL:     3   Next: 71%
Magic:  3/3        EV:  9    Int:  8    God:    Elyvilon [**....]
Gold:   75         SH:  0    Dex: 11    Spells: 2/2 levels left

rFire   . . .        a - +1 war axe
rCold   . . .        c - +0 buckler
rNeg    . . .        b - +0 scale mail
rPois   .            (no helmet)
rElec   .            (no cloak)
rCorr   .            (no gloves)
SInv    .            (no boots)
Will    .....        (no amulet) Stlth
                     (no ring)
HPRegen 0.25/turn    (no ring)
MPRegen 0.08/turn

%: no passive effects
@: confused, weak-willed
A: runic magic, artefact enchanting
a: Renounce Religion, Purification, Heal Other


You were on level 2 of the Dungeon.
You worshipped Elyvilon.
Elyvilon was pleased with you.
You visited 1 branch of the dungeon, and saw 2 of its levels.

You collected 75 gold pieces.

Inventory:

Hand Weapons
 a - a +1 war axe (weapon)
Armour
 b - a +0 scale mail (worn)
 c - a +0 buckler (worn)
Potions
 d - a potion of might
 g - 2 potions of curing


   Skills:
 + Level 3.7 Fighting
 + Level 3.5 Axes
 + Level 4.0 Armour
 + Level 0.2 Dodging
 + Level 0.1 Stealth
 + Level 3.4 Shields


You had 2 spell levels left.
You didn't know any spells.
Your spell library contained the following spells:

 Spells                   Type           Power      Damage    Failure   Level
 Magic Dart               Conj           0%         1d3       58%         1
 Blink                    Tloc           0%         N/A       73%         2
 Call Imp                 Summ           0%         N/A       73%         2


Dungeon Overview and Level Annotations

Branches:
Dungeon (2/15)

Altars:
Elyvilon

Annotations:
D:2 Sigmund


Innate Abilities, Weirdness & Mutations

Your spellcasting is much less encumbered by armour.
You can use scrolls of enchantment on lesser artefacts.


Message History

You are more confused.
You're too confused to attack without stumbling around!
You're too confused to attack without stumbling around!
You're too confused to attack without stumbling around!
You're too confused to attack without stumbling around!
You're too confused to attack without stumbling around!
You hit Sigmund.
Sigmund is lightly wounded.
You barely miss the frilled lizard. The frilled lizard closely misses you.
Sigmund hits you with a +0 scythe. The frilled lizard closely misses you.
Sigmund hits you but does no damage.
You're too confused to move!
The frilled lizard bites you but does no damage.
You bump into the rock wall.
Sigmund hits you but does no damage.
The frilled lizard bites you but does no damage.
You miss the frilled lizard.
The frilled lizard bites you but does no damage.
Sigmund hits you from afar with a +0 scythe.
* * * LOW HITPOINT WARNING * * *
The frilled lizard bites you but does no damage.
Sigmund barely misses you. The frilled lizard barely misses you.
You barely miss Sigmund.
Sigmund is lightly wounded.
You hit the frilled lizard.
You kill the frilled lizard!
Sigmund hits you with a +0 scythe.
* * * LOW HITPOINT WARNING * * *
Sigmund hits you from afar with a +0 scythe.
* * * LOW HITPOINT WARNING * * *
Sigmund hits you with a +0 scythe. Elyvilon protects you from harm!
Sigmund gestures at you while chanting.
You are more confused.
Sigmund barely misses you.
You closely miss Sigmund.
Sigmund is lightly wounded.
Sigmund hits you with a +0 scythe!
You die...
Sigmund begins carving another notch in his scythe.

#.###..#######...#
####.####..## #...#
#...........## #...#
#.........#..# #...#
'.[.......##.####...#####
#.........##.####...#####
#.........##..........###
#.........###.........###
#############...@.....###
####..@.....###
####........### *******
####........### ,,,,,,*
#########.##### *****,*
#########..#### * *,*
######.......## *****,*
######.......##* ,,,,,,*
######.........**


You could see Sigmund (weak-willed).

Vanquished Creatures
  A dart slug (D:1)
  3 ball pythons
  3 endoplasms (D:1)
  A giant cockroach (D:2)
  4 hobgoblins (D:1)
  5 kobolds (D:1)
  2 quokkas (D:1)
  5 bats (D:1)
  A frilled lizard (D:2)
  2 goblins
  4 rats
31 creatures vanquished.

Notes
Turn   | Place    | Note
-------+----------+-------------------------------------------
     0 | D:1      | Asceticacid the Mountain Dwarf Fighter began the quest for
                  | the Orb.
     0 | D:1      | Reached XP level 1. HP: 19/19 MP: 1/1
   101 | D:1      | Reached XP level 2. HP: 26/26 MP: 2/2
   201 | D:1      | Found a faded altar of an unknown god.
   218 | D:1      | Prayed at the altar of an unknown god.
   218 | D:1      | Became a worshipper of Elyvilon the Healer
   218 | D:1      | Reached * piety under Elyvilon
   364 | D:1      | Reached XP level 3. HP: 33/33 MP: 3/3
   814 | D:2      | Reached skill level 4 in Armour
   951 | D:2      | Reached ** piety under Elyvilon
  1042 | D:2      | Noticed Sigmund
  1074 | D:2      | Elyvilon protects you from harm!
  1078 | D:2      | Slain by Sigmund

Illustrated notes

Levels and vault maps discovered:
D:1:      arrival_zaba_pyramid, layout_loops_ring,
          hellmonk_ecumenical_altar_arch_garden
D:2:      layout_basic, serial_shops, shop_statue, uniq_sigmund

Skill      XL: |  1  2  3 |
---------------+----------+-----
Axes           | 3 |  3.5
Armour         | 4 |  4.0
Fighting       | |  3.7
Dodging        | |  0.2
Stealth        | |  0.1
Shields        | |  3.4

Action                     || total
---------------------------++-------
  Melee: War axe           ||    94
    Use: Scroll            ||     3
         Potion            ||     1
 Armour: Scale mail        ||    82
  Dodge: Dodged            ||    62
  Block: Buckler           ||    27

Table legend: (Time is in decaauts)
 A = Elapsed time spent in this place.
 B = Non-inter-level travel time spent in this place.
 C = Inter-level travel time spent in this place.
 D = Time resting spent in this place.
 E = Time spent auto-exploring this place.
 F = Levels seen in this place.
 G = Mean time per level.
                   A        B        C        D        E       F      G
               +--------+--------+--------+--------+--------+-----+--------+
         Total |   1115 |   1096 |     19 |     48 |    768 |   2 |  557.5 |
       Dungeon |   1115 |   1096 |     19 |     48 |    768 |   2 |  557.5 |
               +--------+--------+--------+--------+--------+-----+--------+

Top non-repeatable levels by time:
     D:1: 832 daAuts
     D:2: 282 daAuts
